 Dungeon Crawl Stone Soup version 0.29.1-13-g9f3cf754e1 (webtiles) character file.

Game seed: 13903089870349459571

20631 xzight the Basher (level 12, -8/112 HPs)
             Began as a Minotaur Berserker on Jan 4, 2023.
             Was a High Priest of Trog.
             Mangled by Rupert
             ... wielding a +2 vorpal battleaxe
              (25 damage)
             ... on level 12 of the Dungeon on Feb 11, 2023.
             The game lasted 00:24:53 (12192 turns).

xzight the Basher (Minotaur Berserker)             Turns: 12192, Time: 00:24:53

Health: -8/112     AC: 21    Str: 25    XL:     12   Next: 47%
Magic:  11/11      EV: 13    Int:  7    God:    Trog [*****.]
Gold:   1657       SH:  6    Dex: 12    Spells: 11/11 levels left

rFire   + . .      SeeInvis .   r - +5 eveningstar (protect)
rCold   + . .      Faith    .   n - +0 buckler
rNeg    . . .      Spirit   .   x - +8 chain mail "Yblumn" {rElec rF+ rC+}
rPois   .          Reflect  .   L - +0 hat {Int+3}
rElec   +          Harm     .   (no cloak)
rCorr   .          Rampage  .   B - +0 pair of gloves
Will    .....                   (no boots)
Stlth   ..........              (no amulet)
HPRegen 0.28/turn               E - +4 ring of evasion
MPRegen 0.12/turn               Y - +4 ring of slaying {=R}

@: on berserk cooldown, slowed, very slow
A: horns 2, retaliatory headbutt
a: Renounce Religion, Berserk, Trog's Hand, Brothers in Arms


You were on level 12 of the Dungeon.
You worshipped Trog.
Trog was extremely pleased with you.
You visited 1 branch of the dungeon, and saw 12 of its levels.
You also visited: Sewer.

You collected 1657 gold pieces.


Innate Abilities, Weirdness & Mutations

You have a pair of horns on your head.
You reflexively headbutt those who attack you in melee.


   Skills:
 + Level 11.8 Fighting
 + Level 13.2 Maces & Flails
 + Level 11.5 Armour
 - Level 2.1 Dodging
 - Level 7.2 Stealth
 + Level 11.2 Shields


You had 11 spell levels left.
You didn't know any spells.
Your spell library was empty.

Inventory:

Hand Weapons
 m - the +7 mace of Quick Death {vamp, Dex+2}
   (You found it on level 6 of the Dungeon)

   It occasionally heals its wielder for a portion of the damage dealt when it
   wounds a living foe.
   Dex:       It affects your dexterity (+2).
 r - a +5 eveningstar of protection (weapon)
 M - a +3 antimagic morningstar
Missiles
 K - 4 throwing nets {=f}
Armour
 n - a +0 buckler (worn)
 x - the +8 chain mail "Yblumn" (worn) {rElec rF+ rC+}
   (You found it on level 6 of the Dungeon)

   rF:        It protects you from fire.
   rC:        It protects you from cold.
   rElec:     It insulates you from electricity.
 B - a +0 pair of gloves (worn)
 L - a +0 hat of intelligence (worn)
Jewellery
 e - a +4 ring of evasion
 D - a +6 ring of dexterity
 E - a +4 ring of evasion (left hand)
 W - a ring of willpower
 Y - a +4 ring of slaying (right hand) {=R}
Wands
 b - a wand of flame (21)
 A - a wand of mindburst (11)
 C - a wand of roots (8)
 G - a wand of polymorph (18)
 I - a wand of light (4)
Scrolls
 f - a scroll of noise {unknown}
 g - 2 scrolls of fog
 j - a scroll of blinking
 o - 6 scrolls of vulnerability
 s - 2 scrolls of teleportation {@r2}
 u - 2 scrolls of enchant armour {unknown}
 v - a scroll of poison {unknown}
 y - a scroll of enchant weapon {unknown}
Potions
 c - 7 potions of flight
 d - a potion of heal wounds {@q2}
 h - 2 potions of lignification
 i - 2 potions of cancellation {unknown}
 k - 5 potions of curing {@q1}
 l - 3 potions of haste {@q3}
 p - 3 potions of ambrosia
 q - a potion of berserk rage {unknown}
 t - a potion of invisibility {unknown}
 w - 2 potions of attraction {unknown}
 z - a potion of might {unknown}
 F - 2 potions of resistance {unknown}
 J - a potion of mutation {unknown}
Miscellaneous
 a - a tin of tremorstones (2/2)

Dungeon Overview and Level Annotations

Branches:
Dungeon (12/15)            Temple (0/1) D:4            Lair (0/5) D:8
  Sewer (visited)
    Orc: D:9-12

Altars:
Cheibriados
Hepliaklqana
Kikubaaqudgha
Qazlal
Sif Muna
Uskayaw
Wu Jian
Yredelemnul
Zin
The Shining One

Annotations:
D:4 4 runed translucent doors, exclusion: ice beast
D:5 2 transporters, Thatpatchoflichen's ghost, novice KoBr
D:12 Rupert

#.#........# #....#
..#######|.# #....##
#####.....#....# #...P.#
≈≈≈..# #.#....###P....##
▒~$.###.@......P.P♣.P.#
▒~..##.......#P..♣♣~..#
▒~..##.####..#..~♣~~♣P#
▒..▒~.....@T....#.♣.~~♣~P##
▒..▒~...#..@#...#.♣♣~~~♣..#
▒..▒~...#†..#...#.~~~~....#
▒..▒~...#.#.#...#..♣~~....#
▒..▒~...#.#.#...#P..P..P#.#
▒..▒~...#.#.#...##.....##.#
▒..▒~...#.#.#...##..P.###.#
▒..'~.....#.#...##PP.###..#
▒..÷~...###^#............##
▒..▒≈...# #...##########


You could see Rupert (berserk, ally target) and a friendly troll (summoned,
berserk).


Message History

Rupert hits you with a +2 vorpal battleaxe!
* * * LOW HITPOINT WARNING * * *
x2 Rupert hits you with a +2 vorpal battleaxe!
* * * LOW HITPOINT WARNING * * *
x2
Okay, then.
You feel much better.
Rupert hits you with a +2 vorpal battleaxe!
* * * LOW HITPOINT WARNING * * *
x2 You block Rupert's attack.
Okay, then.
Blink to where?
Press: ? - help, Dir - move target
As you read the scroll labelled ZYUDEN KIGHA, it crumbles to dust.
It was a scroll of blinking.
You block Rupert's attack.
You feel much better.
Rupert hits you with a +2 vorpal battleaxe!
* * * LOW HITPOINT WARNING * * *
x2 You block Rupert's attack.
Rupert attacks as you move away! Rupert barely misses you.
Rupert hits you with a +2 vorpal battleaxe!
* * * LOW HITPOINT WARNING * * *
x2
There is a stone staircase leading up, spattered with blood here.
(D) Dungeon (T) Temple (L) Lair
Where to? (Enter - D:12, ? - help) Rupert is nearby!
Use which ability? (? or * to list)
Your troll goes berserk!
Rupert hits you with a +2 vorpal battleaxe!!
You die...

Skill      XL: |  1  2  3  4  5  6  7  8  9 10 11 12 |
---------------+-------------------------------------+-----
Maces & Flails | 4 5 6 7 8 9 11 12 13 | 13.2
Stealth        | 1 2 3 4 5 6 7 |  7.2
Shields        | 2 4 6 8 10 11 | 11.2
Fighting       | 4 5 7 9 11 | 11.8
Armour         | 3 5 7 8 10 11 | 11.5
Dodging        | |  2.1

Action                   |  1- 3 |  4- 6 |  7- 9 | 10-12 || total
-------------------------+-------+-------+-------+-------++-------
Melee: Mace              |    93 |    84 |   205 |   285 ||   667
       Headbutt          |    13 |    14 |    32 |    95 ||   154
       Flail             |       |       |    69 |       ||    69
       Eveningstar       |       |       |       |   140 ||   140
Invok: Berserk           |       |     1 |     2 |     4 ||     7
       Brothers in Arms  |       |       |       |     1 ||     1
  Use: Scroll            |       |     1 |     4 |     7 ||    12
       Potion            |       |       |       |     2 ||     2
 Stab: Sleeping          |     3 |     4 |     5 |       ||    12
       Distracted        |     1 |       |     1 |       ||     2
Armor: Animal skin       |    16 |       |       |       ||    16
       Leather armour    |     2 |     7 |    18 |       ||    27
       Chain mail        |       |       |    59 |   171 ||   230
       Ring mail         |       |       |     3 |       ||     3
Dodge: Dodged            |    79 |    69 |   228 |   256 ||   632
Block: Buckler           |     2 |    10 |    66 |   111 ||   189

Levels and vault maps discovered:
D:1:      ebering_trefoil_twist, layout_rooms, minmay_crystal_water,
          minmay_stone_trees_small
D:2:      minmay_angry_zag, layout_basic, shapermc_ecumenical_altar_acropolis
D:3:      layout_rooms, kennysheep_nondescript
D:4:      layout_basic, minmay_temple_entry_slanted, gup_sewer_entry_bowl,
          nrook_campfire, minmay_hollow_rounded_squares
D:5:      layout_rooms, gammafunk_ghost_hive, serial_park_tiny_2, st_stairs_9
D:6:      layout_rooms, glass_columns_b
D:7:      wad_river_or_something, layout_layer_cave,
          chequers_serial_rivers_micro_b
D:8:      layout_cave_pods, minmay_lair_entry_grove, enter_bailey_2,
          minmay_gold_behind_fungi, supply_closet_lemuel
D:9:      due_megacathedral, layout_rooms, nicolae_overflow_hallway_of_the_gods,
          chequers_serial_rivers_micro_c, nicolae_benzene_ring,
          minmay_misc_feat_four_crosses, grunt_decor_mini_mirrors,
          chequers_serial_rivers_micro_b, uniq_gastronok, uniq_harold,
          uniq_prince_ribbit1, uniq_grum
D:10:     wander_kiku_kobolds, layout_rooms, serial_glass, glass_columns_c,
          glass_columns_b, special_room [special_room_orc]
D:11:     layout_basic
D:12:     lemuel_traditional_vault, layout_basic, serial_bayou,
          serial_bayou_ford_a, serial_bayou_lagoon_b, serial_bayou_pond_a,
          serial_bayou_lagoon_a, portal_ice_cave_entry_imps, uniq_rupert,
          uniq_erolcha, uniq_fannar

Notes
Turn   | Place    | Note
-------+----------+-------------------------------------------
     0 | D:1      | xzight the Minotaur Berserker began the quest for the Orb.
     0 | D:1      | Reached XP level 1. HP: 19/19 MP: 0/0
   279 | D:1      | Reached skill level 4 in Maces & Flails
   282 | D:1      | Reached skill level 1 in Stealth
   282 | D:1      | Reached XP level 2. HP: 26/26 MP: 1/1
  1029 | D:1      | Upgraded the game from 0.29.1-12-g30fa7ad0bf to
                  | 0.29.1-13-g9f3cf754e1
  1179 | D:2      | Reached XP level 3. HP: 18/31 MP: 2/2
  1794 | D:2      | Found a faded altar of an unknown god.
  1956 | D:2      | Reached skill level 2 in Stealth
  2072 | D:2      | Reached ** piety under Trog
  2570 | D:3      | Reached XP level 4. HP: 34/39 MP: 3/3
  2709 | D:3      | Reached skill level 5 in Maces & Flails
  3016 | D:4      | Noticed a scorpion
  3043 | D:3      | Killed a scorpion
  3234 | D:4      | Reached skill level 3 in Stealth
  3234 | D:4      | Reached XP level 5. HP: 24/45 MP: 4/4
  3401 | D:4      | Found a staircase to the Ecumenical Temple.
  3414 | D:4      | Reached skill level 6 in Maces & Flails
  3479 | D:4      | Noticed an ice beast
  3502 | D:4      | Reached XP level 6. HP: 44/51 MP: 5/5
  3545 | D:4      | Found a glowing drain.
  3549 | Sewer    | Entered a sewer
  3642 | Sewer    | Reached skill level 4 in Stealth
  3651 | Sewer    | Reached skill level 7 in Maces & Flails
  3807 | Sewer    | Found a white marble altar of Elyvilon.
  3984 | D:4      | Found a large runed translucent door.
  3984 | D:4      | Found a large runed translucent door.
  3995 | D:4      | Found a large runed translucent door.
  3995 | D:4      | Found a large runed translucent door.
  4016 | D:4      | Reached XP level 7. HP: 58/58 MP: 6/6
  4052 | D:4      | Reached skill level 1 in Shields
  4923 | D:4      | Reached skill level 4 in Fighting
  4943 | D:4      | Reached skill level 3 in Armour
  4948 | D:4      | Reached *** piety under Trog
  5068 | D:5      | Entered Level 5 of the Dungeon
  5100 | D:5      | Reached skill level 5 in Stealth
  5100 | D:5      | Reached skill level 2 in Shields
  5177 | D:5      | Reached XP level 8. HP: 49/67 MP: 7/7
  5492 | D:5      | Reached skill level 4 in Armour
  5530 | D:5      | Reached skill level 3 in Shields
  5570 | D:5      | Reached skill level 5 in Fighting
  5571 | D:5      | Reached skill level 6 in Stealth
  5706 | D:5      | Found a transporter.
  5711 | D:5      | Found a transporter.
  5714 | D:5      | Noticed Thatpatchoflichen's ghost (novice KoBr)
  5815 | D:5      | Reached skill level 8 in Maces & Flails
  6005 | D:6      | Identified the +7 mace of Quick Death {vamp, Dex+2}
  6105 | D:6      | Noticed a hornet
  6119 | D:6      | Killed a hornet
  6405 | D:6      | Identified the +8 chain mail "Yblumn" {rElec rF+ rC+}
  6458 | D:6      | Reached skill level 4 in Shields
  6505 | D:6      | Reached skill level 5 in Armour
  6520 | D:6      | Reached XP level 9. HP: 75/75 MP: 8/8
  6836 | D:7      | Reached skill level 7 in Stealth
  6840 | D:7      | Reached skill level 6 in Fighting
  6858 | D:7      | Reached **** piety under Trog
  7269 | D:8      | Reached skill level 5 in Shields
  7326 | D:8      | Reached skill level 9 in Maces & Flails
  7447 | D:8      | Found a staircase to the Lair.
  7450 | D:8      | Reached skill level 6 in Armour
  7461 | D:8      | Reached skill level 7 in Fighting
  7470 | D:8      | Reached skill level 6 in Shields
  7489 | D:8      | Reached skill level 7 in Armour
  7489 | D:8      | Reached XP level 10. HP: 71/86 MP: 9/9
  8541 | D:7      | Reached skill level 10 in Maces & Flails
  8541 | D:7      | Reached ***** piety under Trog
  8712 | D:7      | Reached skill level 8 in Fighting
  8722 | D:7      | Reached skill level 7 in Shields
  9343 | D:9      | Noticed Prince Ribbit
  9352 | D:9      | Killed Prince Ribbit
  9353 | D:9      | Reached skill level 8 in Armour
  9867 | D:9      | Found a snail-covered altar of Cheibriados.
  9913 | D:9      | Reached skill level 9 in Fighting
  9913 | D:9      | Reached skill level 8 in Shields
  9918 | D:9      | Noticed Harold
  9929 | D:9      | Killed Harold
  9930 | D:9      | Reached skill level 11 in Maces & Flails
  9946 | D:9      | Reached XP level 11. HP: 94/97 MP: 10/10
  9955 | D:9      | Reached skill level 9 in Armour
  9962 | D:9      | Noticed Grum
  9969 | D:9      | Killed Grum
 10041 | D:9      | Noticed Gastronok
 10057 | D:9      | Killed Gastronok
 10122 | D:9      | Found an ancient bone altar of Kikubaaqudgha.
 10125 | D:9      | Found a hide-covered altar of Uskayaw.
 10131 | D:9      | Found a shimmering blue altar of Sif Muna.
 10134 | D:9      | Found a glowing golden altar of the Shining One.
 10136 | D:9      | Found a glowing silver altar of Zin.
 10141 | D:9      | Found an ornate altar of the Wu Jian Council.
 10241 | D:9      | Found a runed translucent door.
 10244 | D:9      | Noticed a flayed ghost
 10267 | D:9      | Found a basalt altar of Yredelemnul.
 10279 | D:9      | Found a basalt altar of Yredelemnul.
 10300 | D:9      | Found a stormy altar of Qazlal.
 10314 | D:9      | Reached skill level 9 in Shields
 10321 | D:9      | Found a hazy altar of Hepliaklqana.
 10328 | D:9      | Found a hide-covered altar of Uskayaw.
 10329 | D:9      | Received a gift from Trog
 10545 | D:9      | Killed a flayed ghost
 10546 | D:9      | Reached skill level 10 in Fighting
 10693 | D:10     | Entered Level 10 of the Dungeon
 10693 | D:10     | Noticed a centaur warrior
 10874 | D:10     | Killed a centaur warrior
 10999 | D:10     | Identified a scroll of acquirement
 10999 | D:10     | Acquired 733 gold pieces
 11011 | D:10     | Identified the +8 dagger "Lucas" {speed, rN+ Int+3}
 11018 | D:10     | Reached skill level 10 in Armour
 11045 | D:10     | Reached skill level 12 in Maces & Flails
 11073 | D:10     | Acquired a +5 eveningstar of protection
 11200 | D:10     | You fall into a shaft and drop 1 floor!
 11204 | D:11     | Noticed a two-headed ogre
 11221 | D:11     | Killed a two-headed ogre
 11222 | D:11     | Reached skill level 10 in Shields
 11303 | D:11     | Reached skill level 11 in Fighting
 11345 | D:11     | Noticed a two-headed ogre
 11351 | D:11     | Killed a two-headed ogre
 11352 | D:11     | Reached XP level 12. HP: 107/110 MP: 11/11
 11860 | D:12     | Noticed a two-headed ogre
 11866 | D:12     | Killed a two-headed ogre
 11867 | D:12     | Reached skill level 11 in Armour
 11897 | D:12     | Noticed a deep troll earth mage
 11902 | D:12     | Killed a deep troll earth mage
 12062 | D:12     | Reached skill level 13 in Maces & Flails
 12085 | D:12     | Noticed a centaur warrior
 12099 | D:12     | Reached skill level 11 in Shields
 12162 | D:12     | Noticed Fannar
 12173 | D:12     | Killed Fannar
 12178 | D:12     | Noticed Rupert
 12192 | D:12     | Mangled by Rupert

Vanquished Creatures
  Gastronok (D:9)
  Fannar (D:12)
  Harold (D:9)
  A centaur warrior (D:10)
  3 two-headed ogres
  A deep troll earth mage (D:12)
  A flayed ghost (D:9)
  A manticore (D:12)
  3 gargoyles
  An efreet (D:12)
  An unseen horror (D:12)
  A yaktaur (D:12)
  A komodo dragon (D:12)
  3 trolls
  Prince Ribbit (D:9)
  A hornet (D:6)
  3 shadows
  4 fire bats (D:9)
  7 wyverns
  4 wraiths (D:9)
  17 yaks
  3 vampires
  A basilisk (D:12)
  Grum (D:9)
  4 vampire mosquitoes
  2 acid dragons
  3 water moccasins
  3 orc warriors (D:10)
  2 ice beasts (D:7)
  3 black bears
  2 sky beasts
  2 ogres
  4 centaurs
  5 wolves
  A phantom (D:5)
  5 kobold brigands
  2 necrophages
  4 bullfrogs
  A gnoll sergeant (D:8)
  6 scorpions
  4 wights (D:7)
  3 killer bees (D:7)
  2 electric eels (D:12)
  7 howler monkeys
  3 hounds
  A jelly (D:6)
  9 orc priests
  A gnoll bouda (D:5)
  5 iguanas
  11 orc wizards
  9 adders
  4 gnolls
  3 river rats (Sewer)
  2 white imps
  An ufetubus (D:5)
  7 worms
  2 dart slugs (D:4)
  54 orcs
  9 ball pythons
  20 bats
  7 endoplasms
  4 giant cockroaches
  7 goblins
  5 hobgoblins
  8 jackals
  3 quokkas
  A frilled lizard (D:1)
  10 kobolds
  5 rats
318 creatures vanquished.

Vanquished Creatures (others)
  2 fungi (D:8)
  24 plants
  5 toadstools (D:8)
31 creatures vanquished.

Grand Total: 349 creatures vanquished

Table legend: (Time is in decaauts)
 A = Elapsed time spent in this place.
 B = Non-inter-level travel time spent in this place.
 C = Inter-level travel time spent in this place.
 D = Time resting spent in this place.
 E = Time spent auto-exploring this place.
 F = Levels seen in this place.
 G = Mean time per level.
                   A        B        C        D        E       F      G
               +--------+--------+--------+--------+--------+-----+--------+
         Total |  12317 |  11796 |    521 |   2719 |   6813 |  13 |  947.5 |
       Dungeon |  11899 |  11378 |    521 |   2565 |   6681 |  12 |  991.6 |
         Sewer |    418 |    418 |      0 |    154 |    131 |   1 |  418.0 |
               +--------+--------+--------+--------+--------+-----+--------+

Top non-repeatable levels by time:
     D:4: 1592 daAuts
     D:7: 1488 daAuts
     D:9: 1463 daAuts
     D:2: 1367 daAuts
     D:8: 1279 daAuts
     D:1: 1090 daAuts
     D:5: 932 daAuts
     D:6: 762 daAuts
     D:3: 689 daAuts
    D:11: 592 daAuts
   Sewer: 418 daAuts
    D:12: 402 daAuts
    D:10: 236 daAuts

Table legend:
 A = Non-vault XP
 B = Vault XP
 C = Vault XP percentage of total XP
 D = Non-vault monster count
 E = Vault monster count
 F = Vault count percentage of total count
                 A         B        C        D         E       F
            +---------+---------+-------+---------+---------+-------
      Total |   16468 |   13005 |  44.1 |     210 |     108 |  34.0
            +---------+---------+-------+---------+---------+-------
        D:1 |      31 |       0 |   0.0 |      17 |       0 |   0.0
        D:2 |      25 |      24 |  49.0 |      14 |       8 |  36.4
        D:3 |     111 |       0 |   0.0 |       7 |       0 |   0.0
        D:4 |     352 |     276 |  43.9 |      19 |      15 |  44.1
        D:5 |     955 |      52 |   5.2 |      22 |       3 |  12.0
        D:6 |     843 |       0 |   0.0 |      19 |       0 |   0.0
        D:7 |    1485 |     834 |  36.0 |      33 |       9 |  21.4
        D:8 |     470 |    1701 |  78.4 |      13 |      12 |  48.0
        D:9 |    2752 |    4912 |  64.1 |      32 |      13 |  28.9
       D:10 |    3555 |     630 |  15.1 |      15 |      24 |  61.5
       D:11 |    3769 |       0 |   0.0 |      12 |       0 |   0.0
       D:12 |    2120 |    4331 |  67.1 |       7 |      11 |  61.1
      Sewer |       0 |     245 | 100.0 |       0 |      13 | 100.0
            +---------+---------+-------+---------+---------+-------
